 Dungeon Crawl Stone Soup version 0.27.0-1-g7a089689b8 (webtiles) character file.

Game seed: 10179214440326218241

76 SnakkuSnakku7 the Skirmisher (level 4, 0/29 HPs)
             Began as a Gargoyle Enchanter on Aug 15, 2021.
             Slain by an adder (4 damage)
             ... on level 3 of the Dungeon.
             The game lasted 00:02:40 (2398 turns).

SnakkuSnakku7 the Skirmisher (Gargoyle Enchanter)   Turns: 2398, Time: 00:02:41

Health: 0/29       AC:  5    Str: 12    XL:     4   Next: 32%
Magic:  7/7        EV: 11    Int: 16    God:
Gold:   105        SH:  0    Dex: 10    Spells: 6/7 levels left

rFire    . . .     SeeInvis .   a - +3 whip
rCold    . . .     Faith    .   (no shield)
rNeg     + . .     Spirit   .   b - +0 robe
rPois    ∞         Reflect  .   (no helmet)
rElec    +         Harm     .   (no cloak)
rCorr    .         Rampage  .   (no gloves)
Will     .....                  (no boots)
Stlth    ++........             (no amulet)
HPRegen  0.09/turn              (no ring)
MPRegen  0.10/turn              (no ring)

@: no status effects
A: sickness immunity, AC +3, negative energy resistance 1, electricity
resistance, torment resistance 1, petrification resistance
a: no special abilities


You were on level 3 of the Dungeon.
You visited 1 branch of the dungeon, and saw 3 of its levels.

You collected 105 gold pieces.

Inventory:

Hand Weapons
 a - a +3 whip (weapon)
 d - a +1 dagger
Missiles
 q - 2 javelins
Armour
 b - a +0 robe (worn)
 e - a +0 ring mail
 n - a +0 chain mail
Scrolls
 c - 2 scrolls of identify {unknown}
 h - a scroll of enchant armour {unknown}
 j - a scroll of immolation {unknown}
 l - 2 scrolls of teleportation {unknown}
 o - a scroll of enchant weapon {unknown}
 p - a scroll of fear {unknown}
 r - a scroll of amnesia {unknown}
Potions
 f - a potion of lignification {unknown}
 g - 3 potions of heal wounds {unknown}
 i - 2 potions of magic {unknown}
 k - a potion of degeneration {unknown}
 m - a potion of cancellation {unknown}


   Skills:
 + Level 4.2 Fighting
 - Level 0.8 Short Blades
 - Level 1.5 Dodging
 - Level 3.2 Stealth
 - Level 2.0 Spellcasting
 - Level 2.6 Hexes


You had 6 spell levels left.
You knew the following spells:

 Your Spells              Type           Power      Damage    Failure   Level
a - Corona                Hex            11%        N/A       7%          1

Your spell library contained the following spells:

 Spells                   Type           Power      Damage    Failure   Level
 Ensorcelled Hibernation  Hex/Ice        10%        N/A       19%         2
 Confusing Touch          Hex            10%        N/A       21%         3
 Tukima's Dance           Hex            10%        N/A       21%         3
 Dazzling Flash           Conj/Hex       10%        N/A       34%         3


Dungeon Overview and Level Annotations

Branches:
Dungeon (3/15)

Altars:
The Shining One

Annotations:
D:2 1 runed translucent door, Crazy Yiuf


Innate Abilities, Weirdness & Mutations

You are immune to sickness and miasma.
Your stone body is resilient. (AC +3)
You are immune to poison.
You resist negative energy. (rN+)
You are resistant to electric shocks. (rElec)
You are resistant to unholy torment.
You are immune to petrification.


Message History

Unknown command.
The adder hisses angrily.
You miss the adder. The adder bites you but does no damage.
The adder barely misses you.
You miss the adder. The adder barely misses you.
You hit the adder.
The adder is moderately wounded.
The adder bites you. The adder bites you but does no damage.
You hit the adder.
The adder is heavily wounded.
The adder bites you.
You completely miss the adder.
The adder is heavily wounded.
The adder bites you. x2
You hit the adder.
The adder is severely wounded.
The adder bites you but does no damage.
You closely miss the adder.
The adder is severely wounded.
The adder bites you.
You barely miss the adder.
The adder is severely wounded.
The adder bites you. x2
You closely miss the adder.
The adder is severely wounded.
The adder bites you.
* * * LOW HITPOINT WARNING * * *
You barely miss the adder.
The adder is severely wounded.
The adder bites you but does no damage. The adder bites you.
* * * LOW HITPOINT WARNING * * *
You closely miss the adder.
The adder is severely wounded.
The adder bites you.
* * * LOW HITPOINT WARNING * * *
Unknown command.
You closely miss the adder.
The adder is severely wounded.
The adder closely misses you. The adder bites you.
You die...

#.#.#.#..######......#
####.#.#.#.#..........#.###
............>.#########.#
###..#.#.#.#..# #.#
#.....#.#....# #.#
#.....#†###.##########.#
#..........#............#
#......#.#.##############
#.#.####.#@# #.......†#S#
##.###..#.# #..#.# ...#.#
....#.# #####.# ..#


You could see an adder.

Vanquished Creatures
  An adder (D:3)
  5 dart slugs
  4 bats
  An endoplasm (D:1)
  5 goblins
  A hobgoblin (D:1)
  7 jackals (D:1)
  4 quokkas
  6 ball pythons
  7 frilled lizards
  12 kobolds
  3 rats
56 creatures vanquished.

Notes
Turn   | Place    | Note
-------+----------+-------------------------------------------
     0 | D:1      | SnakkuSnakku7 the Gargoyle Enchanter began the quest for
                  | the Orb.
     0 | D:1      | Reached XP level 1. HP: 10/10 MP: 3/3
   335 | D:1      | Reached skill level 1 in Fighting
   398 | D:1      | Reached XP level 2. HP: 15/17 MP: 5/5
   565 | D:1      | Reached skill level 2 in Fighting
   705 | D:1      | Reached XP level 3. HP: 18/22 MP: 6/6
   822 | D:1      | Reached skill level 3 in Fighting
  1091 | D:1      | Found a faded altar of an unknown god.
  1256 | D:2      | Found a runed translucent door.
  1257 | D:2      | Noticed Crazy Yiuf
  1281 | D:2      | Found a glowing golden altar of the Shining One.
  1835 | D:2      | Reached XP level 4. HP: 29/29 MP: 7/7
  2323 | D:3      | Reached skill level 4 in Fighting
  2398 | D:3      | Slain by an adder

Illustrated notes

Levels and vault maps discovered:
D:1:      nagdon_arrival_zigzag_paths, layout_loops_corners,
          shapermc_ecumenical_altar_hornbeckon, minmay_split_cup_large
D:2:      layout_loops_ring, basic_altar, kennysheep_generic_room_13,
          uniq_crazy_yiuf_cottage
D:3:      layout_basic, gup_sewer_entry_spiral, uniq_robin, uniq_ijyb

Skill      XL: |  1  2  3  4 |
---------------+-------------+-----
Fighting       | 1 2 3 4 |  4.2
Short Blades   | |  0.8
Dodging        | |  1.5
Stealth        | |  3.2
Spellcasting   | |  2.0
Hexes          | |  2.6

Action                   |  1- 3 |  4- 6 || total
-------------------------+-------+-------++-------
Melee: Dagger            |    10 |       ||    10
       Whip              |   116 |    37 ||   153
 Cast: Corona            |     1 |       ||     1
 Stab: Sleeping          |     6 |     2 ||     8
Armor: Robe              |    14 |    14 ||    28
       Ring mail         |    50 |       ||    50
Dodge: Dodged            |    59 |    19 ||    78
